 Dungeon Crawl Stone Soup version 0.30-a0-920-g7493c07aab (webtiles) character file.

Game seed: 4853275857424709126

2832 kiwi3s the Fighter (level 9, -2/123 HPs)
             Began as a Minotaur Berserker on Mar 21, 2023.
             Was a Priest of Trog.
             Splashed by a jelly's acid (6 damage)
             ... on level 6 of the Dungeon.
             The game lasted 00:04:38 (5730 turns).

kiwi3s the Fighter (Minotaur Berserker)             Turns: 5730, Time: 00:04:39

Health: -2/123     AC: -11   Str: 27    XL:     9   Next: 45%
Magic:  8/8        EV: 12    Int:  4    God:    Trog [***...]
Gold:   280        SH:  0    Dex:  9    Spells: 8/8 levels left

rFire   . . .      SeeInvis .    a - +0 hand axe
rCold   . . .      Faith    .    (no shield)
rNeg    . . .      Spirit   .    j - +0 scale mail
rPois   .          Reflect  .    (helmet restricted)
rElec   .          Rampage  .    (no cloak)
rCorr   .                        (no gloves)
Will    .....                    (no boots) Stlth
                                 (no amulet)
HPRegen 0.40/turn                (no ring)
MPRegen 0.11/turn                (no ring)

@: berserking, corroded, very quick
A: horns 2, retaliatory headbutt
a: Renounce Religion, Berserk, Trog's Hand


You were on level 6 of the Dungeon.
You worshipped Trog.
Trog was most pleased with you.
You visited 1 branch of the dungeon, and saw 6 of its levels.

You collected 280 gold pieces.

Inventory:

Hand Weapons
 a - a +0 hand axe (weapon)
Missiles
 l - 4 boomerangs (quivered)
 y - a silver boomerang
 D - 2 silver javelins
Armour
 b - a +0 animal skin
 j - a +0 scale mail (worn)
 m - a +0 buckler
Jewellery
 d - an amulet of magic regeneration
 e - a ring of flight
 w - a ring of fire
Wands
 q - a wand of paralysis (8)
Scrolls
 c - a scroll of enchant weapon {unknown}
 i - 4 scrolls of poison {unknown}
 o - 4 scrolls of identify {unknown}
 p - a scroll of fog {unknown}
 r - a scroll of vulnerability {unknown}
 t - a scroll of amnesia {unknown}
 u - 2 scrolls of enchant armour {unknown}
 B - a scroll of teleportation {unknown}
 C - a scroll of brand weapon {unknown}
 E - a scroll of acquirement {unknown}
Potions
 f - 2 potions of brilliance {unknown}
 g - a potion of lignification {unknown}
 h - 5 potions of heal wounds {unknown}
 k - 2 potions of degeneration {unknown}
 n - 4 potions of curing {unknown}
 s - 3 potions of flight {unknown}
 v - a potion of berserk rage {unknown}
 x - a potion of magic {unknown}
 z - 2 potions of mutation {unknown}
 A - a potion of might


   Skills:
 + Level 8.7 Fighting
 + Level 8.6 Axes
 + Level 8.2 Armour
 + Level 7.5 Dodging


You had 8 spell levels left.
You didn't know any spells.
Your spell library was empty.

Dungeon Overview and Level Annotations

Branches:
Dungeon (6/15)             Temple (0/1) D:5

Altars:
Dithmenos
Trog
Uskayaw

Annotations:
D:5 1 runed translucent door
D:6 exclusion: oklob plant, Sleet's ghost, novice MiBe


Innate Abilities, Weirdness & Mutations

You have a pair of horns on your head.
You reflexively headbutt those who attack you in melee.


Message History

You hit the jelly.
Your hands burn!
You headbutt the jelly, but do no damage.
The jelly is heavily wounded.
You hit the jelly but do no damage.
Your hands burn!
The jelly barely misses you. You furiously retaliate!
You headbutt the jelly, but do no damage.
The jelly closely misses you. The jelly attacks as you move away!
The jelly completely misses you. The jelly attacks as you move away!
The jelly hits you.
You are splashed with acid!
You hit the jelly but do no damage. The acid corrodes you!
Your hands burn!
The jelly is moderately wounded.
You hit the jelly but do no damage.
Your hands burn!
The jelly misses you. The jelly completely misses you.
Unknown command.
You hit the jelly but do no damage. The acid corrodes you!
Your hands burn!
* * * LOW HITPOINT WARNING * * *
You headbutt the jelly, but do no damage.
The jelly is moderately wounded.
You hit the jelly but do no damage.
Your hands burn!
* * * LOW HITPOINT WARNING * * *
The jelly barely misses you. The jelly closely misses you.
A red film seems to cover your vision as you go berserk!
You feel yourself moving faster!
You feel mighty! The jelly hits you.
* * * LOW HITPOINT WARNING * * *
You are splashed with acid!
* * * LOW HITPOINT WARNING * * *
The jelly hits you.
* * * LOW HITPOINT WARNING * * *
The acid corrodes you!
You are splashed with acid!
* * * LOW HITPOINT WARNING * * *
You hit the jelly but do no damage.
Your hands burn!
* * * LOW HITPOINT WARNING * * *
The jelly is lightly wounded.
You slash the jelly!
Your hands burn!
* * * LOW HITPOINT WARNING * * *
The jelly hits you.
* * * LOW HITPOINT WARNING * * *
The acid corrodes you!
You are splashed with acid.
You die... ~.~.......####..## ≈≈~≈~~~~≈≈≈≈##...# ### ~~~~~.~≈≈≈≈≈≈#...# #JJP# ~~.~...~..##≈##..##PJPJJP ~.~~....~..#≈≈#..J'JPJPJJ .~~.~.~....####.J##J.JJJP ###.....#####...J# #JJJ#

######### #..JJ##
### ..## #..J@.#
...# ######.....#
..######..........#
..#...............#
..#...............#
..'............)..#
..#<....###+#.....#
..##'####...#.....##
..##....#.<.#......#


You could see 3 jellies and 3 endoplasms.

Vanquished Creatures
  The ghost of 123deadman the Chopper, a novice HuFi of Yredelemnul (D:5)
  Prince Ribbit (D:5)
  Grinder (D:3)
  A wyvern (D:5)
  Edmund (D:5)
  A water moccasin (D:6)
  An ice beast (D:5)
  2 orc warriors
  3 black bears
  2 ogres (D:5)
  A sky beast (D:6)
  A centaur (D:6)
  A phantom (D:4)
  A bullfrog (D:6)
  2 scorpions
  An electric eel (D:6)
  A hound (D:5)
  3 jellies
  3 orc priests
  2 iguanas (D:5)
  3 orc wizards (D:4)
  7 adders
  A river rat (D:5)
  A worm (D:4)
  11 orcs
  10 ball pythons
  6 bats
  7 endoplasms
  4 giant cockroaches
  11 goblins
  9 hobgoblins
  5 jackals (D:2)
  6 kobolds
  9 quokkas
  3 frilled lizards
  7 rats
130 creatures vanquished.

Vanquished Creatures (others)
  7 fungi (D:6)
7 creatures vanquished.

Grand Total: 137 creatures vanquished

Notes
Turn   | Place    | Note
-------+----------+-------------------------------------------
     0 | D:1      | kiwi3s the Minotaur Berserker began the quest for the Orb.
     0 | D:1      | Reached XP level 1. HP: 19/19 MP: 0/0
    55 | D:1      | Reached XP level 2. HP: 25/27 MP: 1/1
   534 | D:2      | Reached XP level 3. HP: 33/33 MP: 2/2
   805 | D:2      | Found a faded altar of an unknown god.
   850 | D:2      | Reached ** piety under Trog
  1512 | D:3      | Noticed Grinder
  1518 | D:3      | Paralysed by Grinder for 2 turns
  1524 | D:3      | Killed Grinder
  1525 | D:3      | Reached skill level 5 in Fighting
  1525 | D:3      | Reached skill level 5 in Axes
  1525 | D:3      | Reached XP level 4. HP: 23/42 MP: 3/3
  1525 | D:3      | Reached XP level 5. HP: 26/48 MP: 4/4
  1689 | D:3      | Found a bloodstained altar of Trog.
  1991 | D:3      | Reached XP level 6. HP: 56/56 MP: 5/5
  2454 | D:4      | Found a hide-covered altar of Uskayaw.
  2698 | D:4      | Reached *** piety under Trog
  2855 | D:4      | Reached XP level 7. HP: 62/62 MP: 6/6
  2870 | D:4      | Reached skill level 5 in Armour
  3010 | D:4      | Identified the +8 sling of Hukhloq {speed, Dex+4}
  3123 | D:4      | Reached skill level 5 in Dodging
  3199 | D:4      | Found a shadowy altar of Dithmenos.
  3391 | D:5      | Entered Level 5 of the Dungeon
  3572 | D:5      | Reached XP level 8. HP: 20/71 MP: 7/7
  3828 | D:5      | Found a runed translucent door.
  3931 | D:5      | Found a staircase to the Ecumenical Temple.
  4059 | D:5      | Found a runed translucent door.
  4077 | D:5      | Noticed 123deadman's ghost (novice HuFi)
  4239 | D:5      | Noticed Edmund
  4263 | D:5      | Killed Edmund
  4566 | D:5      | Noticed Prince Ribbit
  4580 | D:5      | Killed Prince Ribbit
  5010 | D:5      | Killed 123deadman's ghost
  5011 | D:5      | Reached XP level 9. HP: 68/81 MP: 8/8
  5429 | D:6      | Noticed Sleet's ghost (novice MiBe)
  5700 | D:6      | Noticed an oklob plant
  5730 | D:6      | HP: 4/123 [jelly (3)]
  5730 | D:6      | Splashed by a jelly's acid

Illustrated notes

Levels and vault maps discovered:
D:1:      zelgadis_glass_arrival_small, layout_rooms, chequers_garden
D:2:      layout_basic, shapermc_ecumenical_altar_venn,
          minmay_misc_feat_more_columns, ebering_dispersal_statue_hall
D:3:      layout_basic, nicolae_overflow_crystal_walls, feat_on_display,
          uniq_grinder
D:4:      layout_basic, nicolae_dithmenos_the_darkroom,
          eat_drink_and_be_merry_uskayaw, kennysheep_generic_room_11
D:5:      layout_basic, minmay_temple_entry_stoned_glass, ebering_ghost_sewer_f,
          roderic_lattice_a, hangedman_decor_opposing, uniq_edmund,
          uniq_prince_ribbit1
D:6:      lemuel_slime, layout_gridville, gammafunk_ghost_arena, fountainhead,
          chequers_serial_rivers_small_3, lemuel_flamethrower_2

Skill      XL: |  1  2  3  4  5  6  7  8  9 |
---------------+----------------------------+-----
Fighting       | 4 5 6 8 |  8.7
Axes           | 4 5 6 8 |  8.6
Armour         | 3 4 6 7 8 |  8.2
Dodging        | 3 4 5 7 |  7.5

Action                     |  1- 3 |  4- 6 |  7- 9 || total
---------------------------+-------+-------+-------++-------
  Melee: Hand axe          |   108 |    92 |   192 ||   392
         Headbutt          |     6 |    17 |    43 ||    66
         Punch             |     1 |     2 |     4 ||     7
 Invoke: Berserk           |     1 |       |     6 ||     7
   Stab: Sleeping          |     1 |       |       ||     1
 Armour: Animal skin       |    10 |       |       ||    10
         Scale mail        |    26 |    46 |    59 ||   131
  Dodge: Dodged            |    59 |    49 |    88 ||   196

Table legend: (Time is in decaauts)
 A = Elapsed time spent in this place.
 B = Non-inter-level travel time spent in this place.
 C = Inter-level travel time spent in this place.
 D = Time resting spent in this place.
 E = Time spent auto-exploring this place.
 F = Levels seen in this place.
 G = Mean time per level.
                   A        B        C        D        E       F      G
               +--------+--------+--------+--------+--------+-----+--------+
         Total |   5789 |   5449 |    340 |    663 |   4000 |   6 |  964.8 |
       Dungeon |   5789 |   5449 |    340 |    663 |   4000 |   6 |  964.8 |
               +--------+--------+--------+--------+--------+-----+--------+

Top non-repeatable levels by time:
     D:5: 1773 daAuts
     D:2: 1080 daAuts
     D:4: 1000 daAuts
     D:3: 901 daAuts
     D:6: 593 daAuts
     D:1: 441 daAuts
